 Dungeon Crawl Stone Soup version 0.22-b1-26-g9dbaab1 (webtiles) character file.

84 taaruk the Cudgeler (level 4, 0/61 HPs)
             Began as a Minotaur Berserker on Aug 6, 2018.
             Was a Believer of Trog.
             Slain by an adder (3 damage)
             ... on level 2 of the Dungeon.
             The game lasted 00:04:16 (1078 turns).

taaruk the Cudgeler (Minotaur Berserker)            Turns: 1078, Time: 00:04:17

Health: 0/61       AC: 22    Str: 22    XL:     4   Next: 23%
Magic:  3/3        EV:  2    Int:  4    God:    Trog [**....]
Gold:   88         SH:  0    Dex: 10    Spells: 3/3 levels left

rFire    . . .     SeeInvis .   a - +0 mace
rCold    . . .     Gourm    .   (no shield)
rNeg     + + +     Faith    .   (armour currently unavailable)
rPois    +         Spirit   .   (helmet currently unavailable)
rElec    .         Reflect  .   (cloak currently unavailable)
rCorr    .         Harm     .   (gloves currently unavailable)
MR       .....     NoTele   +   (boots currently unavailable)
Stlth    +.........             (no amulet)
HPRegen  0.20/turn              (no ring)
MPRegen  0.08/turn              (no ring)

@: lethally poisoned (0 -> -1), tree-form
A: (retaliatory headbutt)
a: Berserk, Trog's Hand, Renounce Religion


You were on level 2 of the Dungeon.
You worshipped Trog.
Trog was pleased with you.
You were hungry.
You were a tree.
You visited 1 branch of the dungeon, and saw 2 of its levels.

You collected 88 gold pieces.

Inventory:

Hand Weapons
 a - a +0 mace (weapon)
Armour
 b - a +0 animal skin
 f - a +0 pair of boots (melded)
 p - a +0 ring mail (melded)
Jewellery
 s - an uncursed ring of see invisible {unknown}
Scrolls
 h - a scroll of identify {unknown}
 i - a scroll of random uselessness {unknown}
 j - a scroll of remove curse {unknown}
 k - a scroll of enchant armour {unknown}
 l - a scroll of fear {unknown}
 q - a scroll of enchant weapon {unknown}
Potions
 d - a potion of lignification
 e - 2 potions of agility {unknown}
 g - a potion of magic {unknown}
 m - a potion of curing {unknown}
 n - a potion of ambrosia {unknown}
 o - a potion of heal wounds {unknown}
Comestibles
 c - 5 rations
 r - a chunk of flesh


   Skills:
 + Level 4.5 Fighting
 + Level 4.8 Maces & Flails
 + Level 3.0 Armour
 + Level 2.6 Dodging


You had 3 spell levels left.
You didn't know any spells.
Your spell library was empty.

Dungeon Overview and Level Annotations

Branches:
Dungeon (2/15)

Altars:


Innate Abilities, Weirdness & Mutations

((You reflexively headbutt those who attack you in melee.))
((You have a pair of horns on your head.))


Message History

You closely miss the adder.
The adder is severely wounded.
The gnoll hits you but does no damage. The adder bites you but does no damage.
You hit the adder.
The adder is almost dead.
You feel sick. The gnoll barely misses you.
The adder bites you but does no damage. x2
The gnoll hits you but does no damage.
You barely miss the adder.
The adder is almost dead.
You feel sick. The adder bites you but does no damage.
The gnoll hits you but does no damage.
You completely miss the adder.
The adder is almost dead.
The adder bites you but does no damage. The gnoll hits you but does no damage.
You closely miss the adder.
The adder is almost dead.
You feel sick. The adder bites you but does no damage.
The gnoll hits you but does no damage. The adder bites you.
You die...

#..........##....#
...........##....# .#....
...........###.[.# .#....
...##......# ##..# ......
...##......####..#######.....#
...##...........>. .........#
...##...........# #.........
...####.........#####.)......#
..## #..........♣Sg.((().....#
..# #....#......)(##.........
..# #....#........##.........
..# #....#........##.........
..# #....#.....#####.........
..# ########...# #####.....
### #...# ..... ##### .....


You could see a gnoll and an adder.

Vanquished Creatures
  2 adders (D:2)
  3 gnolls (D:2)
  A worm (D:2)
  2 dart slugs (D:1)
  A giant cockroach (D:2)
  3 goblins
  6 hobgoblins
  2 jackals (D:1)
  4 kobolds (D:1)
  A ball python (D:2)
  3 bats
  A frilled lizard (D:1)
  2 rats
31 creatures vanquished.

Notes
Turn   | Place    | Note
-------+----------+-------------------------------------------
     0 | D:1      | taaruk the Minotaur Berserker began the quest for the Orb.
     0 | D:1      | Reached XP level 1. HP: 19/19 MP: 0/0
    80 | D:1      | Reached XP level 2. HP: 15/27 MP: 1/1
   681 | D:2      | Reached XP level 3. HP: 20/33 MP: 2/2
   685 | D:2      | Reached ** piety under Trog
  1059 | D:2      | Reached XP level 4. HP: 14/41 MP: 3/3
  1078 | D:2      | HP: 3/61 [poisoned by an adder]
  1078 | D:2      | Slain by an adder

Skill      XL: |  1  2  3 |
---------------+----------+-----
Maces & Flails | 4 |  4.8
Fighting       | 4 |  4.5
Armour         | 3 |  3.0
Dodging        | |  2.6

Action                   |  1- 3 |  4- 6 || total
-------------------------+-------+-------++-------
Melee: Mace              |    50 |    12 ||    62
       Headbutt          |    10 |     1 ||    11
  Use: Potion            |       |     1 ||     1
 Stab: Sleeping          |     1 |       ||     1
Armor: Animal skin       |     5 |       ||     5
       Ring mail         |    19 |     6 ||    25
       Skin              |       |    16 ||    16
Dodge: Dodged            |    34 |    11 ||    45
